Map: 16-Bit LE

Players

Reynor - Winner!

  • Race: Zerg Zerg
  • Spawn Location: 7:00

SpeCial

  • Race: Terran Terran
  • Spawn Location: 1:00

VOD

Have the link to the VOD?

Description

Time

  • Played on: July 13, 2018, 5:54 a.m.
  • Length: 28:25
Show
View Real Time Build Order
Export as new Build Order

Reynor Zerg - Winner!

Build Orders: Hatch First, Brood Lord Corruptor 

Get SALT Encoding   

  12  0:00  Drone  
  13  0:12  Overlord  
  13  0:17  Drone  
  14  0:31  Drone x2  
  16  0:36  Drone  
  17  0:54  Hatchery  
  16  0:58  Drone  
  16  1:01  Drone  
  18  1:12  Extractor  
  18  1:16  Spawning Pool  
  16  1:19  Drone  
  16  1:23  Drone  
  18  1:29  Drone  
  19  1:39  Overlord  
  19  1:49  Drone  
  20  2:03  Zergling x2  
  20  2:04  Queen  
  20  2:06  Zergling x2, Queen  
  26  2:11  Drone  
  27  2:27  Hatchery  
  26  2:32  Metabolic Boost  
  26  2:36  Drone  
  27  2:37  Drone  
  27  2:43  Spore Crawler  
  27  2:47  Queen  
  27  2:49  Drone  
  31  2:56  Overlord  
  31  2:58  Drone  
  31  3:03  Drone x2  
  33  3:06  Drone  
  33  3:08  Drone  
  35  3:12  Overlord  
  35  3:15  Drone  
  36  3:20  Drone x2  
  36  3:23  Drone  
  36  3:24  Drone  
  40  3:27  Zergling x4  
  40  3:30  Drone  
  43  3:34  Zergling x2  
  43  3:37  Queen  
  43  3:40  Drone  
  47  3:42  Drone  
  47  3:48  Overlord, Drone  
  48  3:50  Drone  
  50  3:56  Drone x3  
  50  3:59  Overlord  
  53  4:06  Drone x5  
  58  4:10  Zergling x2  
  58  4:13  Lair  
  58  4:14  Zergling x2  
  60  4:19  Overlord  
  60  4:20  Drone  
  61  4:24  Extractor  
  61  4:27  Queen  
  61  4:29  Queen  
  65  4:34  Overlord  
  65  4:36  Spore Crawler  
  64  4:38  Drone x2  
  64  4:39  Drone  
  64  4:42  Drone x2  
  64  4:44  Drone x2  
  69  4:47  Drone x2  
  69  4:48  Drone  
  69  4:50  Drone  
  73  4:56  Evolution Chamber  
  73  4:58  Drone x3, Evolution Chamber  
  74  5:01  Extractor  
  74  5:05  Zergling x4  
  75  5:07  Overlord  
  75  5:08  Drone x2  
  77  5:14  Queen  
  77  5:19  Spore Crawler  
  77  5:22  Zerg Ground Armor Level 1  
  77  5:26  Zergling x4  
  77  5:28  Drone x2  
  80  5:30  Overlord  
  80  5:31  Drone  
  80  5:32  Drone x2  
  81  5:37  Drone  
  81  5:38  Drone  
  81  5:41  Overseer  
  81  5:42  Drone x4  
  88  5:47  Overlord  
  88  5:48  Drone x2  
  88  5:49  Extractor  
  89  5:51  Drone x2  
  89  5:55  Drone  
  89  5:56  Roach Warren  
  91  6:02  Overlord, Extractor  
  90  6:15  Overlord  
  88  6:19  Drone x7  
  94  6:26  Overlord  
  94  6:31  Zerg Melee Weapons Level 1  
  94  6:38  Zergling x16  
  94  6:39  Baneling Nest, Extractor  
  100  6:40  Queen  
  100  6:41  Overlord  
  100  6:43  Spore Crawler  
  100  6:45  Hatchery  
  100  6:46  Zergling x8  
  104  7:00  Overlord, Hydralisk Den  
  104  7:04  Drone x6  
  104  7:07  Drone x3  
  113  7:11  Zergling x2  
  113  7:14  Hatchery, Zergling x2  
  113  7:15  Zergling x8  
  118  7:16  Overlord  
  118  7:22  Zerg Ground Armor Level 2  
  118  7:26  Baneling x7  
  118  7:27  Drone  
  119  7:32  Spore Crawler  
  119  7:35  Centrifical Hooks  
  119  7:36  Muscular Augments  
  118  7:44  Hydralisk x5  
  118  7:50  Spore Crawler  
  124  7:56  Drone  
  124  7:57  Drone x4  
  127  7:58  Drone  
  127  8:01  Spore Crawler  
  127  8:05  Drone x6  
  133  8:13  Hydralisk x4  
  133  8:14  Hydralisk  
  133  8:15  Zergling x4  
  133  8:17  Zergling x4  
  147  8:23  Zergling x2  
  148  8:27  Zerg Melee Weapons Level 2  
  148  8:28  Infestation Pit, Zergling x2  
  148  8:29  Zergling x6  
  150  8:34  Zergling x2  
  150  8:36  Zergling x2  
  150  8:37  Hydralisk  
  153  8:42  Zergling x12  
  153  8:45  Baneling x3  
  153  8:46  Baneling, Hatchery  
  153  8:47  Grooved Spines  
  158  8:52  Baneling x10  
  158  8:56  Zergling x2  
  158  8:57  Zergling x12  
  158  9:01  Zergling x2  
  165  9:04  Overlord  
  165  9:05  Overlord  
  165  9:06  Overlord  
  165  9:07  Hive  
  162  9:16  Overlord x2  
  161  9:19  Baneling x5  
  161  9:20  Baneling x2  
  158  9:29  Hydralisk  
  158  9:30  Zergling x8  
  158  9:31  Zergling x6  
  158  9:33  Hydralisk x4  
  158  9:34  Zergling x10  
  150  9:39  Drone x5  
  154  9:46  Zergling x16  
  154  9:50  Zergling x4  
  159  9:54  Zergling x4  
  161  10:00  Zergling x6  
  161  10:05  Drone x3  
  168  10:07  Drone  
  168  10:08  Hydralisk x2  
  168  10:09  Hydralisk  
  168  10:16  Zergling x12, Queen  
  168  10:18  Zergling x6  
  167  10:23  Zergling x4  
  167  10:24  Zergling x6  
  157  10:29  Drone  
  157  10:30  Drone  
  157  10:34  Spire  
  157  10:35  Zerg Ground Armor Level 3  
  158  10:36  Extractor  
  158  10:37  Drone x4  
  158  10:39  Zergling x2  
  158  10:42  Drone x4  
  166  10:45  Drone x2  
  166  10:46  Drone  
  166  10:48  Zergling x2  
  166  10:49  Extractor  
  171  10:53  Zerg Melee Weapons Level 3  
  171  10:58  Zergling x2  
  171  10:59  Zergling x10  
  171  11:02  Spore Crawler, Extractor  
  171  11:04  Hydralisk x2  
  171  11:05  Zergling x12  
  179  11:12  Zergling x12  
  179  11:13  Overlord  
  179  11:16  Zergling x2  
  179  11:17  Zergling x2  
  181  11:19  Zergling x4  
  180  11:30  Queen  
  181  11:34  Extractor  
  181  11:38  Hatchery  
  179  11:45  Corruptor x4  
  179  11:46  Corruptor x3  
  193  11:48  Greater Spire  
  193  11:49  Drone x4  
  197  12:02  Baneling x11  
  197  12:04  Zergling x2  
  197  12:07  Zergling x18  
  197  12:08  Hydralisk x2, Zergling x8  
  196  12:09  Zergling x2  
  196  12:12  Zergling x2  
  183  12:20  Zergling x12  
  183  12:21  Zergling x2  
  189  12:24  Zergling x4  
  189  12:25  Zergling x4  
  185  12:32  Zergling x6  
  185  12:34  Zergling x4  
  188  12:43  Zergling x8  
  188  12:45  Zergling x2  
  188  12:48  Zergling x6  
  167  12:52  Zergling x10  
  167  12:54  Hydralisk  
  167  12:56  Zergling x2  
  167  12:58  Hydralisk  
  156  13:00  Queen  
  156  13:02  Corruptor x3, Hydralisk  
  156  13:04  Brood Lord x4  
  174  13:07  Zergling x4  
  174  13:13  Brood Lord  
  174  13:18  Drone x3  
  174  13:19  Brood Lord  
  181  13:20  Zergling x6  
  181  13:21  Zergling x4  
  181  13:22  Hydralisk  
  188  13:30  Hydralisk x3  
  188  13:31  Zergling x4  
  195  13:36  Zerg Flyer Weapons Level 1  
  195  13:38  Drone x2  
  195  13:40  Extractor  
  196  13:42  Brood Lord  
  196  13:44  Zergling x2  
  196  13:47  Baneling x4  
  199  13:49  Hatchery  
  199  13:53  Overseer  
  199  13:54  Overseer  
  198  13:56  Pneumatized Carapace  
  198  14:00  Zergling x6  
  198  14:06  Zergling x2  
  199  14:23  Zergling x4  
  187  14:33  Drone x3  
  187  14:34  Drone x2  
  187  14:35  Drone x3  
  187  14:38  Corruptor x4  
  186  14:40  Zergling x8  
  195  14:50  Corruptor x4  
  196  14:53  Baneling x7  
  196  14:58  Zergling x12  
  196  14:59  Zergling x2  
  194  15:03  Zergling x6  
  194  15:06  Infestor  
  193  15:09  Zergling x2  
  193  15:12  Zergling x2  
  193  15:13  Hatchery, Zergling x2  
  193  15:24  Zergling x10  
  197  15:37  Baneling x5  
  197  15:42  Hatchery, Hydralisk x2  
  195  15:44  Zergling x4  
  195  15:49  Baneling x2  
  197  15:50  Baneling x8  
  197  15:55  Zerg Flyer Weapons Level 2  
  197  15:58  Baneling x4  
  197  16:02  Hatchery  
  196  16:09  Spore Crawler  
  192  16:21  Hydralisk x2  
  192  16:24  Overseer  
  192  16:35  Viper x4  
  199  16:41  Zergling x4  
  199  16:52  Zergling x2  
  200  17:01  Hatchery  
  199  17:06  Baneling x4  
  199  17:07  Baneling  
  197  17:30  Baneling x4  
  197  17:33  Hydralisk x2  
  197  17:34  Zergling x2  
  197  17:35  Zergling x2  
  198  17:37  Zergling x2  
  199  17:48  Spore Crawler, Spine Crawler  
  199  17:50  Spine Crawler  
  196  17:58  Baneling x3  
  196  17:59  Baneling  
  196  18:00  Baneling x4  
  196  18:03  Brood Lord x2  
  198  18:15  Zergling x8  
  198  18:16  Zergling x4  
  198  18:27  Zergling x14  
  195  18:30  Hatchery  
  195  18:31  Zergling x2  
  199  18:48  Zerg Flyer Weapons Level 3  
  199  18:50  Baneling x5  
  199  18:54  Baneling x3  
  199  19:09  Hatchery  
  196  19:14  Zergling x14  
  187  19:35  Corruptor  
  187  19:36  Corruptor x7  
  199  19:40  Extractor  
  199  19:42  Extractor  
  194  20:01  Corruptor x3  
  194  20:05  Drone x6  
  194  20:06  Corruptor, Drone x2  
  194  20:07  Corruptor x2  
  197  20:15  Zergling x4  
  197  20:21  Zergling x2  
  199  20:38  Spore Crawler  
  199  20:39  Spore Crawler x2  
  199  20:42  Spore Crawler  
  195  20:44  Zergling x4  
  195  20:45  Zergling x4  
  197  21:11  Corruptor x4  
  193  21:21  Zergling x2  
  193  21:22  Zergling x16  
  199  21:43  Baneling x6  
  199  21:44  Baneling x7  
  199  22:05  Baneling x9  
  199  22:06  Baneling  
  199  22:28  Corruptor, Hatchery  
  197  22:37  Zergling x12  
  188  22:38  Zergling x2  
  188  22:39  Hatchery, Zergling x2  
  188  22:40  Zergling x2  
  191  22:48  Zergling x2  
  191  22:49  Zergling x10  
  189  23:18  Unknown  
  185  23:20  Zergling x2  
  185  23:21  Zergling x18  
  185  23:24  Hydralisk x4  
  185  23:25  Zergling x8  
  178  23:33  Viper x4  
  181  23:36  Zergling x4  
  181  23:37  Queen  
  158  23:44  Corruptor x6  
  168  23:49  Queen  
  168  23:54  Baneling x2  
  168  23:55  Baneling x10, Corruptor x6  
  169  23:59  Corruptor, Extractor, Queen  
  169  24:00  Extractor  
  181  24:04  Corruptor x3  
  181  24:06  Zergling x8  
  191  24:11  Overseer x2  
  191  24:12  Queen  
  191  24:13  Zergling x2  
  191  24:15  Hydralisk  
  191  24:16  Zergling x8  
  197  24:17  Zergling x2  
  197  24:25  Overlord x2  
  197  24:29  Baneling x7  
  197  24:30  Baneling  
  197  24:31  Overlord  
  197  24:39  Overlord  
  197  24:49  Brood Lord  
  192  25:05  Brood Lord x2  
  192  25:19  Brood Lord x2  
  196  25:21  Zergling x8  
  197  25:32  Adrenal Glands  
  194  25:37  Drone x4  
  194  25:42  Zergling x12  
  196  25:43  Zergling x2  
  199  25:51  Hatchery  
  198  26:01  Spore Crawler  
  193  26:08  Baneling x5  
  192  26:16  Zergling x16  
  192  26:17  Zergling x10  
  196  26:28  Zergling x6  
  199  26:35  Overseer x2  
  199  26:53  Baneling x8  
  193  27:06  Zergling x20  
  193  27:07  Zergling x16  
  193  27:11  Zergling x2  
  193  27:12  Zergling x6  
  191  27:21  Zergling x8  
  190  27:40  Zergling x6  
  190  27:41  Zergling x8  
  184  27:57  Zergling x2, Hydralisk x2  
  184  27:58  Zergling x6  
  191  28:00  Drone x3  
  191  28:03  Spore Crawler  
Show
View Real Time Build Order
Export as new Build Order

SpeCial Terran 

Build Orders: Liberator Opening, MMM Bio 

Get SALT Encoding   

  12  0:01  SCV  
  13  0:13  SCV  
  14  0:18  Supply Depot  
  14  0:25  SCV  
  15  0:30  Refinery  
  15  0:39  SCV  
  16  0:48  Barracks  
  16  0:51  SCV  
  17  1:03  SCV  
  18  1:16  SCV  
  20  1:35  Orbital Command, Reaper  
  20  1:46  Command Center  
  20  1:57  Factory  
  20  2:00  SCV  
  21  2:10  Barracks Reactor  
  21  2:13  SCV  
  22  2:17  Supply Depot  
  22  2:21  Refinery  
  22  2:25  SCV  
  23  2:38  SCV  
  24  2:47  Starport  
  24  2:50  SCV  
  25  2:55  Hellion  
  25  2:56  Hellion  
  29  2:59  Orbital Command  
  29  3:02  SCV  
  29  3:04  Barracks Tech Lab  
  30  3:09  Liberator  
  30  3:14  SCV  
  30  3:16  Hellion  
  30  3:17  Hellion  
  35  3:25  Marine  
  39  3:28  SCV  
  39  3:30  SCV  
  41  3:35  Supply Depot  
  41  3:41  SCV  
  41  3:42  SCV  
  41  3:48  Hellion  
  45  3:53  Liberator  
  45  3:54  Stimpack  
  45  3:56  SCV  
  45  3:57  Hellion  
  45  3:59  Supply Depot  
  45  4:02  SCV  
  49  4:08  SCV  
  49  4:14  SCV  
  53  4:21  Supply Depot, Hellion x2  
  53  4:22  SCV  
  58  4:26  SCV  
  59  4:38  Liberator  
  59  4:41  Command Center  
  59  4:42  SCV x2  
  59  4:43  Hellion  
  59  4:45  Hellion  
  65  4:48  Supply Depot, Marine  
  66  4:54  SCV  
  70  5:10  SCV x2  
  72  5:17  Marine  
  72  5:18  Supply Depot  
  73  5:22  SCV x2, Barracks  
  73  5:23  Barracks  
  73  5:26  Engineering Bay  
  70  5:29  Engineering Bay  
  70  5:34  SCV x2  
  70  5:35  Marine  
  71  5:41  Factory Reactor  
  71  5:46  Refinery x2, Supply Depot, SCV x2  
  73  5:53  Orbital Command, Marine  
  73  5:56  Terran Infantry Weapons Level 1, Terran Infantry Armor Level 1  
  74  5:58  SCV x2  
  74  5:59  Starport Reactor  
  76  6:05  Combat Shield  
  76  6:10  SCV x2, Marine  
  76  6:11  Orbital Command  
  79  6:21  Supply Depot, Barracks x2  
  79  6:22  SCV x2  
  79  6:24  Marine x2  
  83  6:27  Factory Reactor  
  83  6:28  Marine  
  84  6:34  SCV x2  
  84  6:37  SCV  
  84  6:38  Marine x2  
  89  6:41  Medivac x2  
  89  6:42  Marine x2  
  89  6:45  Supply Depot  
  89  6:46  SCV, Marine  
  89  6:47  SCV  
  98  6:50  SCV  
  99  6:56  Marine x2  
  99  6:59  SCV  
  99  7:00  SCV, Marine x2  
  105  7:02  SCV  
  105  7:05  Supply Depot  
  105  7:06  Marine  
  105  7:08  Widow Mine x2  
  111  7:11  SCV  
  111  7:13  SCV  
  111  7:14  Marine x2  
  117  7:16  Supply Depot  
  117  7:17  SCV  
  117  7:18  Marine x2  
  120  7:23  SCV, Marine  
  120  7:25  SCV  
  120  7:27  Barracks Reactor x2  
  120  7:29  SCV  
  122  7:30  Armory  
  122  7:31  Refinery  
  122  7:32  Supply Depot, Widow Mine  
  122  7:33  Widow Mine  
  122  7:35  SCV  
  127  7:41  SCV  
  127  7:42  Marine  
  127  7:47  Marine x2  
  127  7:48  Marine  
  127  7:49  Marine  
  127  7:50  SCV  
  133  7:56  SCV  
  122  7:59  Widow Mine x2  
  122  8:00  Marine  
  122  8:02  Command Center  
  122  8:05  Marine x4  
  127  8:06  Marine x2  
  127  8:11  Refinery, Supply Depot  
  127  8:12  Factory  
  132  8:13  Supply Depot  
  132  8:14  Marine x2  
  132  8:16  Terran Infantry Armor Level 2  
  132  8:18  Marine  
  133  8:23  Marine x3  
  133  8:24  Marine, Medivac x2  
  142  8:27  Marine x2  
  142  8:31  Marine x2  
  142  8:36  Marine  
  142  8:41  Factory Tech Lab, Marine x4, Terran Vehicle Weapons Level 1  
  143  8:45  Marauder, Marine  
  150  8:49  Marine x2  
  150  8:53  Marine  
  150  8:54  Medivac x2  
  157  8:59  Marine x4  
  157  9:02  Marine, Factory Tech Lab  
  161  9:04  Terran Infantry Weapons Level 2  
  161  9:07  Marauder, Marine  
  161  9:08  Marine  
  163  9:12  Marine  
  163  9:22  Marine x2  
  163  9:23  Siege Tank x2  
  159  9:26  SCV  
  159  9:28  Marauder  
  162  9:34  Marine x2  
  162  9:38  Marine  
  145  9:39  Marine x2  
  145  9:42  Medivac x2  
  145  9:44  Planetary Fortress, SCV x3  
  154  9:46  Marine  
  154  9:49  Marauder  
  154  9:55  Siege Tank x2, Marine x3  
  154  9:56  SCV  
  154  9:57  Marine x2  
  154  9:58  Marine x2  
  166  10:04  Marine  
  167  10:11  Marauder  
  167  10:12  SCV x3, Marine  
  167  10:13  Marine x2  
  173  10:14  Marine  
  173  10:15  Marine  
  173  10:16  Marine  
  173  10:20  Medivac x2  
  174  10:24  SCV, Marine  
  174  10:27  Siege Tank x2  
  169  10:30  Marine x3  
  169  10:32  Marauder  
  169  10:33  Marine x2  
  176  10:37  Barracks  
  176  10:43  Barracks x2  
  176  10:44  Marine x2  
  176  10:47  Sensor Tower, Marine  
  176  10:48  Marine  
  176  10:49  Supply Depot  
  180  10:55  Terran Infantry Armor Level 3  
  180  11:04  Marine  
  180  11:11  Marauder, Medivac x2  
  186  11:13  Marine  
  186  11:14  Marine  
  188  11:18  Siege Tank  
  188  11:19  Siege Tank  
  188  11:23  Terran Infantry Weapons Level 3  
  188  11:24  Marine  
  185  11:30  Marine x4  
  188  11:33  Supply Depot  
  188  11:41  Refinery  
  188  11:42  Refinery  
  188  11:45  Barracks Tech Lab, Marine x2  
  188  11:46  Supply Depot x2, Ghost Academy  
  187  11:47  Barracks Tech Lab  
  187  11:48  Marauder, Ghost Academy, Barracks Tech Lab  
  187  11:50  Supply Depot  
  187  11:52  Terran Vehicle Weapons Level 2  
  188  11:55  Siege Tank  
  188  11:56  Marine  
  192  12:04  Command Center  
  192  12:05  Command Center  
  179  12:09  Marauder, Marine x4  
  179  12:10  Marauder, Marine  
  179  12:12  Marine  
  179  12:13  Medivac x2  
  174  12:15  Siege Tank  
  174  12:22  Marauder, Marine  
  177  12:24  Marine  
  177  12:28  Marine x3  
  166  12:30  Marine x3  
  166  12:31  Marauder  
  166  12:32  Marine x2  
  173  12:39  Marine  
  173  12:42  Marine  
  173  12:43  Marine  
  165  12:44  Starport  
  165  12:46  Marine x3  
  165  12:47  Starport  
  165  12:48  Marine x2  
  165  12:49  Marine  
  165  12:50  Marine  
  155  12:51  Unknown x4  
  155  12:52  Marine  
  155  12:57  Siege Tank x2, Marine  
  155  12:58  Marine  
  148  13:00  Marine  
  148  13:01  Marine  
  148  13:03  Marine  
  148  13:04  Marine x2  
  149  13:06  Marine  
  149  13:07  Viking x2  
  149  13:08  Marine, Ghost  
  149  13:09  Marine  
  149  13:10  Ghost  
  160  13:15  Marine  
  160  13:16  Marine  
  160  13:17  Marine  
  160  13:19  Marine  
  162  13:24  Planetary Fortress  
  162  13:28  Starport Reactor, Starport Tech Lab  
  162  13:29  Siege Tank, Marine x2  
  162  13:30  Marine  
  162  13:32  Neosteel Frame, Marine x2  
  162  13:33  Marine x3  
  173  13:35  Marine  
  173  13:36  Marine  
  173  13:37  Medivac x2  
  173  13:40  Ghost  
  181  13:50  Viking  
  182  14:02  Marine x2  
  176  14:05  Orbital Command  
  176  14:06  Marine, Ghost  
  176  14:07  Viking  
  176  14:08  Terran Ship Weapons Level 1, Viking x2  
  176  14:09  Viking  
  184  14:10  Marine  
  184  14:12  Marine  
  184  14:13  Marine  
  186  14:20  Viking  
  186  14:21  Marine  
  186  14:22  Marine x2  
  186  14:24  Marine  
  191  14:26  Marine x2  
  191  14:29  Marine  
  192  14:35  Marine, Ghost x2  
  192  14:36  Marine  
  192  14:37  Marine, Viking  
  194  14:45  Personal Cloaking, Nuke, Unknown x2  
  192  14:46  Marine x3  
  192  14:50  Marine  
  186  14:55  Viking x2  
  186  14:56  Marine  
  189  15:01  Marine x2  
  189  15:04  Viking  
  185  15:09  Fusion Core  
  185  15:11  Marine x3  
  185  15:15  Medivac  
  187  15:25  Sensor Tower, Medivac, Marine, Ghost  
  187  15:26  Marine  
  187  15:28  Marine  
  194  15:33  Viking  
  194  15:34  Marine x2, Viking  
  200  15:37  Raven  
  198  15:48  Medivac  
  197  15:55  Medivac  
  199  16:03  Medivac  
  200  16:04  Terran Ship Weapons Level 2  
  200  16:05  Missile Turret, Advanced Ballistics  
  200  16:06  Command Center  
  200  16:10  Refinery  
  200  16:16  Liberator  
  199  16:24  Liberator  
  199  16:25  Unknown x3  
  199  16:26  Unknown  
  191  16:33  Viking x2  
  194  16:40  Viking  
  194  16:41  Marine x2  
  194  16:42  Marine  
  194  16:43  Marine  
  194  16:44  Marine  
  194  16:46  Liberator  
  191  16:54  Nuke x2  
  191  16:56  Marine  
  192  17:04  Refinery, Missile Turret  
  192  17:06  Missile Turret  
  193  17:10  Command Center  
  187  17:18  Planetary Fortress  
  185  17:25  Marine, Ghost x2  
  185  17:26  Marine x2  
  185  17:27  Viking x3  
  198  17:30  Missile Turret  
  198  17:43  Ghost Academy  
  198  17:44  Ghost Academy  
  198  17:48  Marine x4  
  199  17:55  Marine, Ghost  
  200  18:12  Unknown  
  200  18:13  Unknown x5  
  194  18:28  Ghost x2  
  194  18:29  Marine x2  
  194  18:31  Refinery  
  200  18:40  Ghost  
  199  18:44  Ghost  
  199  18:45  Marine  
  199  18:46  Marine x2  
  200  19:05  Marine  
  200  19:08  Unknown x2  
  200  19:13  Liberator  
  200  19:15  Liberator  
  200  19:23  Marauder  
  200  19:30  Raven  
  198  19:41  Marauder, Planetary Fortress  
  200  19:47  Liberator  
  200  19:51  Missile Turret  
  200  19:52  Ghost x3  
  198  20:00  Liberator x3  
  198  20:01  Liberator  
  192  20:18  Command Center  
  192  20:19  Command Center  
  192  20:20  Marine  
  193  20:21  Command Center  
  193  20:22  Command Center  
  193  20:25  Missile Turret  
  193  20:29  Nuke  
  193  20:30  Liberator  
  193  20:37  Marauder, Marine  
  196  20:46  Missile Turret  
  198  20:53  Unknown, Missile Turret  
  198  20:54  Unknown x4  
  198  20:55  Unknown, Missile Turret  
  198  20:57  Liberator x2  
  198  20:58  Liberator  
  198  21:00  Marauder  
  191  21:18  Marine  
  191  21:19  Marauder  
  191  21:21  Marauder, Marine  
  197  21:29  Missile Turret  
  197  21:31  Orbital Command x2  
  197  21:32  Unknown  
  194  21:33  Sensor Tower  
  194  21:35  Marauder, Unknown, Marine  
  194  21:39  Terran Ship Weapons Level 3  
  195  21:42  Armory  
  195  21:44  Viking x2  
  194  21:56  Nuke x3  
  194  22:02  Marauder, Marine x2  
  194  22:05  Marauder  
  200  22:12  Nuke  
  200  22:28  Marauder, Command Center  
  200  22:36  Medivac x2  
  200  22:37  Marauder, Marine x2  
  181  22:38  Ghost x2  
  182  22:44  Marine  
  182  22:49  Ghost  
  182  22:52  Marine x4  
  182  22:57  Marine  
  182  22:58  Ghost  
  187  23:04  Marine  
  187  23:07  Ghost  
  187  23:08  Marauder  
  191  23:18  Marauder  
  183  23:24  Marine x3  
  183  23:25  Marine  
  183  23:26  Marine  
  153  23:27  Marauder, Siege Tank  
  153  23:29  Marauder  
  153  23:33  Marine  
  128  23:36  Marauder  
  128  23:40  Marauder  
  121  23:43  Marine  
  117  23:49  Marauder  
  117  23:50  Marauder  
  115  23:56  Marine  
  115  23:57  Marauder  
  115  23:59  Marine  
  119  24:10  Siege Tank  
  119  24:16  Siege Tank  
  120  24:17  Marauder, Liberator, Marine x2  
  120  24:21  Planetary Fortress  
  124  24:32  Concussive Shells  
  124  24:34  Marine  
  124  24:35  SCV x2, Marine  
  124  24:37  SCV x2  
  124  24:38  SCV  
  134  24:41  SCV x2  
  134  24:43  Refinery  
  136  24:50  Marauder, Marine  
  136  24:51  Marine  
  136  24:52  Marauder  
  142  24:54  Orbital Command  
  142  24:56  Marine  
  137  25:02  Marauder, Marine  
  136  25:24  Viking  
  136  25:27  Marine x3  
  136  25:28  Marine  
  139  25:31  Liberator  
  139  25:39  Planetary Fortress  
  139  25:40  Marine x2  
  139  25:41  Missile Turret, Marine x2  
  135  25:45  Marine x2  
  137  25:50  Medivac  
  137  25:54  Marine  
  137  25:55  Marine  
  137  25:56  Marine  
  141  25:58  Marine x2  
  141  26:00  Marine x4  
  141  26:01  Marine  
  141  26:03  Marine x2, Medivac  
  152  26:12  Marine  
  152  26:13  Marine x2  
  152  26:15  Ghost  
  152  26:16  Marine  
  152  26:17  Siege Tank  
  152  26:18  Marine x2, Ghost  
  139  26:22  Marine x4  
  139  26:24  Viking  
  140  26:27  Medivac  
  140  26:30  Marine  
  140  26:31  Marine  
  144  26:33  Siege Tank, Marine  
  144  26:38  Viking  
  150  26:40  Viking  
  150  26:43  Marine x2  
  150  26:44  Marine  
  155  26:52  Medivac  
  155  26:53  Marine x2  
  159  26:54  Medivac  
  159  26:57  Marine x2  
  159  26:58  Marine x3  
  164  27:02  Siege Tank  
  164  27:07  Marine x2  
  153  27:09  Marine  
  153  27:13  Marine x2  
  153  27:14  Marine  
  146  27:19  Marine  
  146  27:20  Marine x2  
  146  27:22  Marine  
  150  27:23  Marine  
  150  27:27  Marine  
  152  27:32  Viking  
  152  27:43  Marine  
  141  27:45  Marine  
  141  27:47  Siege Tank  
  141  27:50  Marine  
  135  27:51  Marine  
  135  28:04  Marine  
  138  28:07  Marine x3  
  105  28:20  Unknown x4  
Tags
 
Add a new tag
Caveats
  • Supply blocks, unpowered buildings, or Contaminate may cause inaccurate times.
  • Supply counts are checked every 10 seconds.